 Dungeon Crawl Stone Soup version 0.31.0-32-g396128a36d (webtiles) character file.

Game seed: 10024956191889928990

69 SilentButDeadly the Changeling (level 4, 0/42 HPs)
             Began as a Naga Shapeshifter on Mar 30, 2024.
             Slain by a gnoll
             ... wielding a +0 spear
              (5 damage)
             ... on level 2 of the Dungeon.
             The game lasted 00:01:44 (1204 turns).

SilentButDeadly the Changeling (Naga Shapeshifter)  Turns: 1204, Time: 00:01:45

Health: 0/42       AC:  2    Str: 22    XL:     4   Next: 20%
Magic:  4/4        EV:  9    Int: 12    God:
Gold:   99         SH:  0    Dex: 11    Spells: 3/3 levels left

rFire   . . .        k - +0 dagger (drain)
rCold   . . .        (no shield)
rNeg    . . .        a - +0 animal skin
rPois   +            (helmet currently unavailable)
rElec   .            (cloak currently unavailable)
rCorr   .            (gloves currently unavailable)
SInv    +            (no barding)
Will    .....        (no amulet)
Stlth   +            S - +6 ring of strength
HPRegen 0.27/turn    (no ring)
MPRegen 0.09/turn

%: no passive effects
@: short of breath, beast-form, very slow
A: beast (slay +2), AC +1, large, see invisible, deformed body, poison
resistance, slowness 2, spit poison 1, naga tail 1
a: Spit Poison, Begin Untransformation


You were on level 2 of the Dungeon.
You were a hulking beast.
You visited 1 branch of the dungeon, and saw 2 of its levels.

You collected 99 gold pieces.


Innate Abilities, Weirdness & Mutations

You are a hulking beast.
Your limbs bulge with bestial killing power. (Slay +2)
Your serpentine skin is tough. (AC +1)
You have supernaturally acute eyesight. (SInv)
Armour fits poorly on your strangely shaped body.
Your system is resistant to poisons. (rPois)
You cover ground very slowly.
You can spit poison.
You have a snake-like lower body.


   Skills:
 - Level 3.0 Fighting
 - Level 1.5 Dodging
 - Level 3.0 Unarmed Combat
 + Level 3.8 Shapeshifting


You had 3 spell levels left.
You didn't know any spells.
Your spell library was empty.

Inventory:

Hand Weapons
 h - a +3 dagger
 k - a +0 dagger of draining (weapon)
Armour
 a - a +0 animal skin (worn)
 l - a +0 cloak
 m - a +0 cloak
Jewellery
 S - a +6 ring of strength (left hand)
 Z - a ring of wizardry
Talismans
 c - a beast talisman
 d - a flux talisman
Scrolls
 e - a scroll of immolation
 g - 2 scrolls of identify {unknown}
 i - a scroll of amnesia {unknown}
 n - a scroll of teleportation {unknown}
 o - a scroll of blinking {unknown}
 p - a scroll of silence {unknown}
Potions
 b - a potion of lignification
 f - a potion of mutation {unknown}
 j - 2 potions of curing {unknown}

Dungeon Overview and Level Annotations

Branches:
Dungeon (2/15)

Altars:
Hepliaklqana

.... ### ....
... ..... #..
... #.# ...
#..###g#
#####..)..#
#......g###
#.#####.h.#
###.# #.
###.## #.#
###....##
...##...##).#
#........##.#
# .......##.#
##....# #
##..⚑..#..#
......# #.
#.....#.##


You could see a gnoll.


Message History

The splash of poison hits the gnoll.
The gnoll is moderately wounded.
The gnoll hits you from afar with a +0 spear!
* * * LOW HITPOINT WARNING * * *
A gnoll comes into view. It is wielding a +0 spear.
The gnoll shouts!
The gnoll barely misses you. The gnoll hits you with a +0 spear.
* * * LOW HITPOINT WARNING * * *
Things that are here:
a +0 spear; a gnoll corpse; a ribbon worm corpse Unknown command.
You hit the gnoll. You drain the gnoll.
The gnoll is severely wounded.
You have got your breath back.
The gnoll hits you with a +0 spear.
* * * LOW HITPOINT WARNING * * *
You hit the gnoll.
You kill the gnoll!
The gnoll barely misses you. The gnoll barely misses you.
Use which ability? (? or * to list)
Aiming: Spit Poison (1% risk of failure)
Press: ? - help, Shift-Dir - straight line, f - gnoll
Aim: a gnoll, wielding a +0 spear (65% to hit)
The splash of poison hits the gnoll.
The gnoll is moderately wounded.
The gnoll hits you from afar with a +0 spear.
* * * LOW HITPOINT WARNING * * *
The gnoll hits you with a +0 spear.
You die...

Skill      XL: |  1  2  3 |
---------------+----------+-----
Fighting       | 2 3 |  3.0
Dodging        | |  1.5
Unarmed Combat | |  3.0
Shapeshifting  | |  3.8

Action                     |  1- 3 |  4- 6 || total
---------------------------+-------+-------++-------
  Melee: Unarmed           |    20 |       ||    20
         Dagger            |    78 |     2 ||    80
         Punch             |     2 |       ||     2
Ability: Spit Poison       |       |     2 ||     2
 Armour: Animal skin       |    57 |     5 ||    62
  Dodge: Dodged            |    37 |     3 ||    40

Levels and vault maps discovered:
D:1:      dpeg_arrival_more_subterranean_lakeside_camping, layout_basic,
          hellmonk_ecumenical_altar_blasted, serial_bayou_pond_c,
          minmay_small_reverse_x
D:2:      layout_rooms, basic_altar

Notes
Turn   | Place    | Note
-------+----------+-------------------------------------------
     0 | D:1      | SilentButDeadly the Naga Shapeshifter began the quest for
                  | the Orb.
     0 | D:1      | Reached XP level 1. HP: 18/18 MP: 1/1
    73 | D:1      | Found a faded altar of an unknown god.
   181 | D:1      | Reached skill level 2 in Fighting
   181 | D:1      | Reached XP level 2. HP: 16/26 MP: 2/2
   460 | D:1      | Reached XP level 3. HP: 33/33 MP: 3/3
   561 | D:1      | Reached skill level 3 in Fighting
  1144 | D:2      | Found a hazy altar of Hepliaklqana.
  1197 | D:2      | Reached XP level 4. HP: 23/42 MP: 4/4
  1204 | D:2      | Slain by a gnoll

Vanquished Creatures
  2 gnolls (D:2)
  A ribbon worm (D:2)
  3 dart slugs
  A bat (D:1)
  6 endoplasms (D:1)
  2 giant cockroaches
  7 goblins
  A hobgoblin (D:2)
  2 jackals (D:2)
  A quokka (D:1)
  4 ball pythons
  3 frilled lizards (D:1)
  2 kobolds
  3 rats
38 creatures vanquished.

Table legend: (Time is in decaauts)
 A = Elapsed time spent in this place.
 B = Non-inter-level travel time spent in this place.
 C = Inter-level travel time spent in this place.
 D = Time resting spent in this place.
 E = Time spent auto-exploring this place.
 F = Levels seen in this place.
 G = Mean time per level.
                   A        B        C        D        E       F      G
               +--------+--------+--------+--------+--------+-----+--------+
         Total |   1498 |   1483 |     15 |     46 |   1165 |   2 |  749.0 |
       Dungeon |   1498 |   1483 |     15 |     46 |   1165 |   2 |  749.0 |
               +--------+--------+--------+--------+--------+-----+--------+

Top non-repeatable levels by time:
     D:1: 981 daAuts
     D:2: 516 daAuts

Table legend:
 A = Non-vault XP
 B = Vault XP
 C = Vault XP percentage of total XP
 D = Non-vault monster count
 E = Vault monster count
 F = Vault count percentage of total count
                 A         B        C        D         E       F
            +---------+---------+-------+---------+---------+-------
      Total |      91 |       8 |   8.1 |      34 |       4 |  10.5
            +---------+---------+-------+---------+---------+-------
        D:1 |      35 |       8 |  18.6 |      19 |       4 |  17.4
        D:2 |      56 |       0 |   0.0 |      15 |       0 |   0.0
            +---------+---------+-------+---------+---------+-------
